 Dungeon Crawl Stone Soup version 0.19-a0-994-g3c636f0 (webtiles) character file.

79 MrRokkomies the Charmwright (level 4, -3/34 HPs)
             Began as a Vampire Skald on July 15, 2016.
             Shot with an arrow by a centaur (10 damage)
             ... on level 3 of the Dungeon.
             The game lasted 00:03:58 (2173 turns).

MrRokkomies the Charmwright (Vampire Skald)         Turns: 2173, Time: 00:03:58

Health: -3/34      AC:  0    Str: 11    XL:     4   Next: 17%
Magic:  5/7        EV: 12    Int: 15    God:
Gold:   138        SH:  0    Dex: 18    Spells: 3 memorised, 2 levels left

rFire  . . .     SeeInvis +     (weapon currently unavailable)
rCold  . . .     Gourm    .     (armour currently unavailable)
rNeg   + . .     Faith    .     (shield currently unavailable)
rPois  .         Spirit   .     (helmet currently unavailable)
rElec  .         Dismiss  .     (cloak currently unavailable)
rCorr  .         Reflect  .     (gloves currently unavailable)
SustAt .         Harm     .     (boots currently unavailable)
MR     .....                    (no amulet)
Stlth  ++........               (ring currently unavailable)
                                (ring currently unavailable)

@: bat-form, flying, drained, very quick, not resistant to hostile enchantments,
unstealthy
A: fangs 3, see invisible, (unbreathing)
a: End Transformation


You were on level 3 of the Dungeon.
You were not thirsty.
You were in vampire-bat-form.
You visited 1 branch of the dungeon, and saw 3 of its levels.

You collected 138 gold pieces.

Inventory:

Hand Weapons
 a - a +1 falchion (melded)
Missiles
 e - 2 curare-tipped needles
 g - 9 poisoned needles
Armour
 b - a +0 leather armour (melded)
 i - a +0 buckler (melded)
 n - a cursed +0 cloak (melded)
Jewellery
 h - an uncursed amulet of harm
Scrolls
 m - a scroll of remove curse
Potions
 d - a potion of blood
 f - a potion of might
 j - a potion of cancellation
 l - a potion of magic
Books
 c - a book of Battle

   Spells                             Type                      Level
   a - Infusion                       Charms                       1
   b - Shroud of Golubria             Charms/Translocation         2
   c - Song of Slaying                Charms                       2
   d - Spectral Weapon                Hexes/Charms                 3
   e - Regeneration                   Charms/Necromancy            3


   Skills:
 * Level 2.9(1.9) Fighting
 * Level 3.1(2.1) Long Blades
 - Level 0.7(0.0) Armour
 - Level 1.1(0.1) Dodging
 - Level 2.0(1.0) Spellcasting
 + Level 3.9(2.9) Charms


You had 2 spell levels left.
You knew the following spells:

 Your Spells              Type           Power        Failure   Level  Hunger
a - Infusion              Chrm           #...         10%         1    ##.....
b - Shroud of Golubria    Chrm/Tloc      #.........   21%         2    ###....
c - Song of Slaying       Chrm           #.......     12%         2    ###....


Dungeon Overview and Level Annotations

Branches:
Dungeon (3/15)

Altars:
Gozag

Shops:
D:2 *


Innate Abilities, Weirdness & Mutations

You have razor-sharp teeth.
You have supernaturally acute eyesight. (SInv)
((You can survive without breathing.))


Message History

You see here an arrow.
The centaur shoots an arrow.
The arrow hits you!
You see here an arrow.
You are too injured to fight recklessly!
You are too injured to fight recklessly!
You are too injured to fight recklessly!
You are too injured to fight recklessly!
The centaur shoots an arrow.
The arrow hits you!
* * * LOW HITPOINT WARNING * * *
You see here an arrow.
Okay, then.
Unknown command.
You turn into a vampire bat.
Your +1 falchion melds into your body.
Your cursed +0 cloak melds into your body.
Your +0 buckler melds into your body.
Your +0 leather armour melds into your body.
The centaur shoots an arrow.
The arrow misses you.
There is a stone staircase leading up here.
The centaur shoots an arrow.
The arrow hits you!
You die...

....#. .#
b...#.####.#
........<..###
## ..#..#.#...
.. ........## ##
#.##.......# ..
#.....#.#.##.#
######...b.....#
......†...#.####
........†.#.#
............#
######..#c###.#
#.$((..c.#
#.##.##### #.
.... ########


You could see a centaur.

Vanquished Creatures
  Ijyb (D:2)
  2 adders (D:2)
  3 giant cockroaches (D:2)
  8 goblins
  4 hobgoblins
  3 kobolds
  7 bats
  3 giant newts
  4 rats
35 creatures vanquished.

Notes
Turn   | Place    | Note
-------+----------+-------------------------------------------
     0 | D:1      | MrRokkomies the Vampire Skald began the quest for the Orb.
     0 | D:1      | Reached XP level 1. HP: 16/16 MP: 3/3
   346 | D:1      | Reached XP level 2. HP: 22/22 MP: 5/5
   602 | D:1      | Learned a level 2 spell: Shroud of Golubria
   605 | D:1      | Learned a level 2 spell: Song of Slaying
   772 | D:2      | Reached XP level 3. HP: 22/28 MP: 6/6
   856 | D:2      | Found Gozag's Platinum Reserve.
   858 | D:2      | Found an opulent altar of Gozag.
  1645 | D:2      | Noticed Ijyb
  1660 | D:2      | Killed Ijyb
  1660 | D:2      | Reached XP level 4. HP: 17/34 MP: 7/7
  2163 | D:3      | Noticed a centaur
  2173 | D:3      | Shot with an arrow by a centaur

Vault maps used:
D:1:      tarquinn_simple_flora_water_a, hex_intersection
D:2:      nicolae_gozag_zags_fifth_avenue, uniq_iyjb
D:3:      lemuel_round_altar

Skill      XL: |  1  2  3 |
---------------+----------+-----
Fighting       | 2 |  2.9
Long Blades    | 3 |  3.1
Armour         | |  0.7
Dodging        | |  1.1
Spellcasting   | |  2.0
Charms         | |  3.9

Action                   |  1- 3 |  4- 6 || total
-------------------------+-------+-------++-------
Melee: Falchion          |   100 |    14 ||   114
       Bite              |     4 |     2 ||     6
 Cast: Infusion          |     1 |       ||     1
 Abil: Bat Form          |     1 |     1 ||     2
       End Transformatio |     1 |       ||     1
  Use: Scroll            |     7 |     1 ||     8
  Eat: Corpse            |     1 |     2 ||     3
Armor: Leather armour    |    25 |     2 ||    27
Dodge: Dodged            |    40 |     7 ||    47
Block: Buckler           |     4 |     3 ||     7
